 Dungeon Crawl Stone Soup version 0.29-a0-409-gd843f3a48c (webtiles) character file.

Game seed: 6632379911473890888

1153 kevlar127 the Ruffian (level 8, -1/111 HPs)
             Began as a Troll Berserker on May 13, 2022.
             Was a Priest of Trog.
             Succumbed to a water moccasin's poison
             ... on level 5 of the Dungeon.
             The game lasted 00:13:47 (4188 turns).

kevlar127 the Ruffian (Troll Berserker)             Turns: 4188, Time: 00:13:48

Health: -1/111     AC:  5    Str: 27 (28) XL:     8   Next: 16%
Magic:  7/7        EV:  9    Int:  0 (3)  God:    Trog [***...]
Gold:   342        SH:  0    Dex:  7 (9)  Spells: 7/7 levels left

rFire   . . .      SeeInvis .     - Unarmed
rCold   . . .      Faith    .   (no shield)
rNeg    . . .      Spirit   .   a - +0 animal skin
rPois   .          Reflect  .   (helmet restricted)
rElec   .          Harm     .   (no cloak)
rCorr   +          Rampage  .   (gloves unavailable)
Will    ++...                   (boots unavailable)
Stlth   ..........              (no amulet)
HPRegen 2.08/turn               s - ring of resist corrosion
MPRegen 0.10/turn               (no ring)

@: berserking, lethally poisoned (-1 -> -3), strong-willed (expiring),
regenerating (expiring), slowed, lost intelligence, unable to read
A: large, unfitting armour, claws 3, regeneration 1, shaggy fur 2, tough skin 1,
frail 1
a: Renounce Religion, Berserk, Trog's Hand


You were on level 5 of the Dungeon.
You worshipped Trog.
Trog was most pleased with you.
You visited 1 branch of the dungeon, and saw 6 of its levels.

You collected 342 gold pieces.

Inventory:

Missiles
 h - 114 stones (quivered)
 o - 3 javelins
 r - 7 poisoned darts
 t - a curare-tipped dart
 u - 4 boomerangs
Armour
 a - a +0 animal skin (worn)
Jewellery
 p - a ring of magical power
 s - a ring of resist corrosion (left claw)
Wands
 v - a wand of iceblast (7)
 z - a wand of acid (11)
 C - a wand of polymorph (9)
Scrolls
 b - 6 scrolls of identify {unknown}
 d - 3 scrolls of poison {unknown}
 f - 3 scrolls of enchant armour {unknown}
 g - 5 scrolls of torment {unknown}
 k - a scroll of magic mapping {unknown}
 l - 4 scrolls of teleportation {unknown}
 n - 2 scrolls of enchant weapon {unknown}
 q - a scroll of brand weapon {unknown}
 y - a scroll of immolation {unknown}
 B - a scroll of vulnerability {unknown}
Potions
 c - a potion of degeneration
 i - a potion of haste {unknown}
 j - a potion of cancellation {unknown}
 m - 2 potions of mutation
 w - a potion of curing {unknown}
 x - a potion of brilliance {unknown}
 A - a potion of might


   Skills:
 + Level 5.7 Fighting
 + Level 2.7 Throwing
 - Level 2.4 Dodging
 + Level 6.9 Unarmed Combat
 + Level 1.3 Evocations


You had 7 spell levels left.
You didn't know any spells.
Your spell library was empty.

Dungeon Overview and Level Annotations

Branches:
Dungeon (6/15)             Temple (0/1) D:4

Altars:
Cheibriados
Xom


Innate Abilities, Weirdness & Mutations

You are too large for most types of armour.
You have claws for hands.
Your natural rate of healing is unusually fast.
You are covered in thick fur. (AC +2)
You have tough skin. (AC +1)
You are frail. (-10% HP)


Message History

The water moccasin bites you but does no damage.
The water moccasin barely misses you. The phantom closely misses you.
You closely miss the phantom. The water moccasin bites you.
* * * LOW HITPOINT WARNING * * *
You completely miss the phantom. The water moccasin bites you.
* * * LOW HITPOINT WARNING * * *
The phantom closely misses you.
Unknown command.
You closely miss the phantom.
The water moccasin bites you but does no damage.
The phantom hits you but does no damage.
The water moccasin bites you.
* * * LOW HITPOINT WARNING * * *
You mangle the phantom!!
The phantom is almost destroyed.
The phantom hits you but does no damage.
The water moccasin closely misses you.
You claw the phantom!
You destroy the phantom!
Trog accepts your kill.
The water moccasin bites you but does no damage.
The hound bites you but does no damage.
You claw the hound!
The hound is almost dead.
The hound barely misses you.
The water moccasin bites you but does no damage.
You scratch the hound.
You kill the hound!
Trog accepts your kill.
You closely miss the hound.
You feel the effects of Trog's Hand fading.
The hound barely misses you. The water moccasin barely misses you.
The hound bites you.
* * * LOW HITPOINT WARNING * * *
The water moccasin bites you!
* * * LOW HITPOINT WARNING * * *
You are lethally poisoned!
The water moccasin poisons you!
You closely miss the water moccasin.
You die...

...##......†......##..5# .......
.......>....##.#.. .l..##........
#......#.....###..##....##.....#.
#.............#.....l#5........#.
................####h..W.........
...............#####hcS........#.
..#............#.##.SW..#........
..####.........<.#.W...##.....#.#
# ##.....#....@#...#.#......#.#
#......#..#.ShSW5#....##.....
#....###..###W........###.#..
#........#####.......###..#..
##.....#....#..#.....####.).#
#.....#....#.........##..)..
##.#.##...............##.)..
#####......................
#......................


You could see a water moccasin, 2 phantoms, a hound, an adder and a shadow imp.

Vanquished Creatures
  3 ogres
  2 phantoms (D:5)
  A kobold brigand (D:6)
  A scorpion (D:5)
  A howler monkey (D:4)
  7 hounds
  A jelly (D:6)
  2 iguanas (D:4)
  An orc wizard (D:5)
  Ijyb (D:5)
  3 gnolls (D:3)
  10 adders
  A shadow imp (D:3)
  An ufetubus (D:5)
  5 orcs
  8 bats
  6 endoplasms
  15 giant cockroaches
  7 goblins
  8 hobgoblins
  4 jackals (D:4)
  6 quokkas
  7 ball pythons
  2 frilled lizards (D:2)
  13 kobolds
  2 rats
118 creatures vanquished.

Notes
Turn   | Place    | Note
-------+----------+-------------------------------------------
     0 | D:1      | kevlar127 the Troll Berserker began the quest for the Orb.
     0 | D:1      | Reached XP level 1. HP: 22/22 MP: 0/0
   177 | D:1      | Reached XP level 2. HP: 27/29 MP: 1/1
   207 | D:1      | Found a faded altar of an unknown god.
   987 | D:2      | Reached ** piety under Trog
   990 | D:2      | Reached XP level 3. HP: 34/37 MP: 2/2
  1339 | D:2      | Found a snail-covered altar of Cheibriados.
  1422 | D:2      | Reached skill level 4 in Unarmed Combat
  1555 | D:2      | Reached XP level 4. HP: 45/45 MP: 3/3
  1695 | D:3      | Gained mutation: You are frail. (-10% HP) [potion of
                  | mutation]
  1695 | D:3      | Gained mutation: You are covered in thick fur. (AC +2)
                  | [potion of mutation]
  1698 | D:3      | HP: 2/43 [shadow imp (4)]
  1700 | D:3      | Reached XP level 5. HP: 4/48 MP: 4/4
  2329 | D:3      | You fall into a shaft and drop 3 floors!
  2333 | D:6      | Noticed an ogre
  2346 | D:6      | Killed an ogre
  2347 | D:6      | Reached skill level 5 in Unarmed Combat
  2355 | D:6      | Reached XP level 6. HP: 40/56 MP: 5/5
  2418 | D:5      | Entered Level 5 of the Dungeon
  2530 | D:4      | Reached skill level 5 in Fighting
  2530 | D:4      | Reached skill level 6 in Unarmed Combat
  2530 | D:4      | Reached XP level 7. HP: 64/64 MP: 6/6
  2908 | D:4      | Found a staircase to the Ecumenical Temple.
  2923 | D:4      | Reached *** piety under Trog
  2934 | D:4      | Reached skill level 1 in Throwing
  4033 | D:5      | Reached skill level 1 in Evocations
  4089 | D:5      | Noticed Ijyb
  4094 | D:5      | Reached XP level 8. HP: 72/72 MP: 7/7
  4110 | D:5      | Killed Ijyb
  4166 | D:5      | Found a shimmering altar of Xom.
  4175 | D:5      | HP: 1/72 [centaur/arrow (10)]
  4177 | D:5      | Lost intelligence.
  4181 | D:5      | HP: 5/108 [water moccasin (5)]
  4182 | D:5      | HP: 1/108 [water moccasin (6)]
  4187 | D:5      | HP: 1/111 [water moccasin (7)]
  4188 | D:5      | Succumbed to a water moccasin's poison

Illustrated notes

Levels and vault maps discovered:
D:1:      lemuel_arrival_behind_the_door_large, layout_basic,
          hellmonk_ecumenical_altar_arch_garden, serial_aquarium,
          aquarium_bridge_island_small [aquarium_subvault_small_open,
          aquarium_subvault_bridge, aquarium_subvault_balcony,
          aquarium_subvault_bridge, aquarium_subvault_bridge],
          aquarium_bridge_long_joined [aquarium_subvault_window,
          aquarium_subvault_window, aquarium_subvault_bridge,
          aquarium_subvault_window, aquarium_subvault_bridge,
          aquarium_subvault_wall], aquarium_window_1, aquarium_window_2,
          aquarium_window_fake, aquarium_window_1, aquarium_view_2f,
          aquarium_view_2g, bh_walls_and_bars
D:2:      minmay_roachtagon, layout_loops_cross, basic_altar,
          minmay_small_reverse_x
D:3:      minmay_diamond_boxcup, layout_rooms, kennysheep_small_spiral,
          minmay_misc_feat_tower
D:4:      layout_cave_pools, minmay_temple_entry_mini_moons
D:5:      layout_cave_pools, xom_confusion_cloud, uniq_ijyb
D:6:      layout_gridville, serial_park_tiny_pond

Skill      XL: |  1  2  3  4  5  6  7 |
---------------+----------------------+-----
Fighting       | 3 4 5 |  5.7
Unarmed Combat | 4 5 6 |  6.9
Throwing       | 2 |  2.7
Evocations     | 1 |  1.3
Dodging        | |  2.4

Action                   |  1- 3 |  4- 6 |  7- 9 || total
-------------------------+-------+-------+-------++-------
Melee: Unarmed           |   108 |    92 |   110 ||   310
       Punch             |     2 |     2 |     4 ||     8
Throw: Stone             |       |     5 |       ||     5
Invok: Trog's Hand       |       |     3 |     2 ||     5
       Berserk           |       |     2 |       ||     2
  Use: Potion            |       |     3 |     2 ||     5
 Stab: Sleeping          |     1 |       |       ||     1
Armor: Animal skin       |    45 |    39 |    42 ||   126
       Skin              |       |       |     3 ||     3
Dodge: Dodged            |    53 |    51 |    49 ||   153

Table legend: (Time is in decaauts)
 A = Elapsed time spent in this place.
 B = Non-inter-level travel time spent in this place.
 C = Inter-level travel time spent in this place.
 D = Time resting spent in this place.
 E = Time spent auto-exploring this place.
 F = Levels seen in this place.
 G = Mean time per level.
                   A        B        C        D        E       F      G
               +--------+--------+--------+--------+--------+-----+--------+
         Total |   4186 |   4005 |    181 |   1076 |   2227 |   6 |  697.7 |
       Dungeon |   4186 |   4005 |    181 |   1076 |   2227 |   6 |  697.7 |
               +--------+--------+--------+--------+--------+-----+--------+

Top non-repeatable levels by time:
     D:3: 1286 daAuts
     D:4: 902 daAuts
     D:1: 877 daAuts
     D:2: 704 daAuts
     D:5: 318 daAuts
     D:6: 95 daAuts
